 Dungeon Crawl Stone Soup version 0.20-a0-681-gf83e07f (webtiles) character file.

991 nono the Ruffian (level 7, -3/61 HPs)
             Began as a Troll Transmuter on Feb 19, 2017.
             Was a Follower of Cheibriados.
             Slain by Duvessa
             ... wielding a +0 short sword
              (8 damage)
             ... on level 6 of the Dungeon.
             The game lasted 00:10:07 (4449 turns).

nono the Ruffian (Troll Transmuter)                 Turns: 4449, Time: 00:10:07

Health: -3/61      AC:  6    Str: 24    XL:     7   Next: 98%
Magic:  4/7        EV: 12    Int: 13    God:    Cheibriados [*.....]
Gold:   353        SH:  0    Dex: 12    Spells: 7/8 levels left

rFire    . . .     SeeInvis .     - Unarmed
rCold    . . .     Gourm    +   b - +0 robe
rNeg     . . .     Faith    .   (no shield)
rPois    .         Spirit   .   (helmet restricted)
rElec    .         Reflect  .   k - +0 cloak
rCorr    .         Harm     .   (gloves unavailable)
MR       .....                  (boots unavailable)
Stlth    +.........             (no amulet)
Regen    0.6/turn               s - +3 ring of strength
MPRegen  0.1/turn               (no ring)

@: lethally poisoned (-3 -> -3), glowing, very slow
A: unfitting armour, claws 3, fast metabolism 3, gourmand, mutation resistance
1, regeneration 1, shaggy fur 1, tough skin 2, wild magic 1
a: Bend Time, Renounce Religion


You were on level 6 of the Dungeon.
You worshipped Cheibriados.
Cheibriados was aware of your devotion.
You were very full.

You visited 2 branches of the dungeon, and saw 7 of its levels.

You collected 353 gold pieces.

Inventory:

Missiles
 a - 84 arrows
Armour
 b - a +0 robe (worn)
 k - a +0 cloak (worn)
Jewellery
 s - a +3 ring of strength (right claw)
Wands
 x - a wand of acid (4/15)
Scrolls
 e - 4 scrolls of remove curse
 g - 2 scrolls of magic mapping {unknown}
 h - 2 scrolls of enchant weapon {unknown}
 j - a scroll of teleportation {unknown}
 m - a scroll of enchant armour {unknown}
 n - 5 scrolls of identify {unknown}
 o - a scroll of noise {unknown}
 t - a scroll of blinking {unknown}
 v - a scroll of immolation {unknown}
 w - 2 scrolls of amnesia {unknown}
 y - a scroll of random uselessness {unknown}
 B - 2 scrolls of fog {unknown}
Potions
 f - a potion of lignification
 i - 2 potions of curing {unknown}
 l - a potion of invisibility {unknown}
 p - a potion of haste {unknown}
 r - 2 potions of mutation {unknown}
Books
 c - a book of Changes

   Spells                             Type                      Level
   a - Beastly Appendage              Transmutation                1
   b - Sticks to Snakes               Transmutation                2
   c - Spider Form                    Transmutation/Poison         3
   d - Ice Form                       Ice/Transmutation            4
   e - Blade Hands                    Transmutation                5
Comestibles
 d - 5 bread rations
 q - 2 royal jellies
 u - 3 meat rations
 A - 13 fruits


   Skills:
 - Level 0.7 Fighting
 + Level 6.2 Dodging
 + Level 6.4 Unarmed Combat
 - Level 1.2 Spellcasting
 - Level 1.3 Transmutations


You had 7 spell levels left.
You knew the following spells:

 Your Spells              Type           Power        Failure   Level  Hunger
a - Beastly Appendage     Tmut           #.....       24%         1    ##.....


Dungeon Overview and Level Annotations

Branches:
Dungeon (6/15)             Temple (1/1) D:4

Altars:
Cheibriados
Dithmenos
Elyvilon
Kikubaaqudgha
Ru
Trog
Xom
Zin

Annotations:
D:6 Dowan, Duvessa


Innate Abilities, Weirdness & Mutations

You are too large for most types of armour.
You have claws for hands.
Your metabolism is lightning-fast.
You like to eat raw meat.
Your natural rate of healing is unusually fast.
You are covered in fur. (AC +1)
You have very tough skin. (AC +2)
You are somewhat resistant to further mutation.
Your spells are a little harder to cast, but a little more powerful.


Message History

Press: ? - help, v - describe, . - travel
Here: Duvessa, wielding a short sword (severely wounded, slow)
The floor.
Unknown command.
You claw Dowan!
Dowan is moderately wounded.
Dowan barely misses you.
The phantom blinks!
You scratch Dowan.
Dowan is severely wounded.
Duvessa hits you with a short sword.
* * * LOW HITPOINT WARNING * * *
Dowan completely misses you.
Evoke which item? (* to show all) (? for menu, Esc to quit)
Okay, then.
Okay, then.
You fail to use your ability.
You feel sick. The adder bites you but does no damage.
Dowan gestures at you while chanting.
You are outlined in light.
Duvessa hits you with a short sword!
You die...

.. ...!..... .#
####........# ..
..§.........#...
.......!$..Z#..c .......
.$......
...#.###†..W.... ......#
.......@§........#§.../#
......eeS.....##..<....#
..####........##(..<..##
.........##...#.##
..#..#.#####W.##.#
....#...# ... . ..... ..
. .... .# .###.#
.......... # ....eh


You could see a phantom, Duvessa, Dowan and an adder.

Vanquished Creatures
  A water moccasin (D:6)
  A sky beast (D:4)
  An ice beast (D:5)
  A centaur (D:5)
  3 crimson imps (D:5)
  3 hounds
  2 orc priests
  An orc wizard (D:5)
  An iguana (D:4)
  4 worker ants
  A hound zombie (D:5)
  8 adders
  An ooze (D:3)
  2 adder skeletons
  2 worms
  4 dart slugs
  5 leopard geckos
  11 orcs
  9 bats
  9 goblins
  9 hobgoblins
  5 jackals
  2 quokkas
  A ball python (D:1)
  A ball python zombie (D:5)
  5 frilled lizards
  7 kobolds
  A leopard gecko skeleton (D:5)
  A quokka zombie (D:3)
  8 rats
110 creatures vanquished.

Notes
Turn   | Place    | Note
-------+----------+-------------------------------------------
     0 | D:1      | nono the Troll Transmuter began the quest for the Orb.
     0 | D:1      | Reached XP level 1. HP: 18/18 MP: 1/1
   102 | D:1      | Reached XP level 2. HP: 26/26 MP: 2/2
   542 | D:1      | Reached XP level 3. HP: 31/32 MP: 3/3
   814 | D:2      | Reached XP level 4. HP: 40/40 MP: 4/4
   958 | D:2      | Found a white marble altar of Elyvilon.
  1361 | D:3      | Noticed an angel
  1362 | D:3      | Found a shimmering altar of Xom.
  1364 | D:3      | Found a glowing silver altar of Zin.
  1399 | D:3      | Found a bloodstained altar of Trog.
  1557 | D:3      | Reached XP level 5. HP: 42/46 MP: 5/5
  1649 | D:3      | Found a sacrificial altar of Ru.
  2518 | D:4      | Noticed a sky beast
  2533 | D:4      | Killed a sky beast
  2533 | D:4      | Reached skill level 5 in Unarmed Combat
  2533 | D:4      | Reached XP level 6. HP: 45/54 MP: 6/6
  2536 | D:4      | Gained mutation: You are robust. (+10% HP) [mutagenic meat]
  2537 | D:4      | Gained mutation: Your spells are a little harder to cast, but a little more powerful. [mutagenic meat]
  2538 | D:4      | Gained mutation: You are somewhat resistant to further mutation. [mutagenic meat]
  2540 | D:4      | Lost mutation: You are robust. (+10% HP) [mutagenic meat]
  2797 | D:4      | Found a staircase to the Ecumenical Temple.
  2803 | Temple   | Entered the Ecumenical Temple
  2812 | Temple   | Became a worshipper of Cheibriados the Contemplative
  3234 | D:5      | Entered Level 5 of the Dungeon
  3271 | D:5      | Reached skill level 5 in Dodging
  3279 | D:5      | Reached XP level 7. HP: 47/61 MP: 7/7
  4306 | D:5      | Reached * piety under Cheibriados
  4412 | D:6      | Noticed Dowan
  4414 | D:6      | Noticed Duvessa
  4449 | D:6      | Slain by Duvessa

Vault maps used:
D:1:      dpeg_arrival_pits, minmay_misc_feat_tower, minmay_heptomino_h4
D:2:      elyvilon_altar_1, kennysheep_nondescript
D:3:      grunt_temple_overflow_order_and_chaos_1,
          lemuel_coloured_pillars_altar, lemuel_crystal_altar, feat_on_display
D:4:      minmay_temple_entry_enclosed_plants, first_bread, serial_forest,
          infiniplex_forest_lined_2, infiniplex_forest_clump_medium,
          infiniplex_forest_lined_room_, infiniplex_forest_clump_cross,
          infiniplex_forest_clump_curved, infiniplex_forest_end_1
D:5:      dk_vineyard_3
D:6:      basic_altar, uniq_duvessa
Temple:   compressed_dpeg_circular_temple

Skill      XL: |  1  2  3  4  5  6  7 |
---------------+----------------------+-----
Dodging        | 2 3 4 5 6 |  6.2
Unarmed Combat | 4 5 6 |  6.4
Fighting       | |  0.7
Spellcasting   | |  1.2
Transmutations | |  1.3

Action                   |  1- 3 |  4- 6 |  7- 9 || total
-------------------------+-------+-------+-------++-------
Melee: Unarmed           |    80 |   161 |    74 ||   315
       Punch             |       |     3 |     2 ||     5
Invok: Bend Time         |       |       |     2 ||     2
  Use: Scroll            |       |     1 |     1 ||     2
       Potion            |       |     1 |       ||     1
 Stab: Distracted        |     1 |       |       ||     1
       Sleeping          |     1 |     1 |       ||     2
  Eat: Chunk             |    13 |    27 |    13 ||    53
Armor: Robe              |    33 |    48 |    21 ||   102
       Skin              |       |     1 |       ||     1
Dodge: Dodged            |    38 |    71 |    53 ||   162
